Map: Oblivion Express

Players

TsundereLoli

  • Race: Terran Terran
  • Spawn Location: 12:00

Hunter

  • Race: Protoss Protoss
  • League: Diamond
  • Spawn Location: 0:00

VOD

Have the link to the VOD?

Description

Time

  • Played on: June 5, 2018, 11:40 p.m.
  • Length: 23:57
Show
View Real Time Build Order
Export as new Build Order

TsundereLoli Terran 

Build Orders:  

Get SALT Encoding   

  12  0:11  SCV  
  13  0:23  SCV  
  13  0:28  Supply Depot  
  14  0:35  SCV  
  15  0:46  SCV  
  16  0:57  Factory  
  16  1:00  SCV  
  17  1:12  SCV  
  18  1:24  SCV  
  19  1:40  SCV  
  20  2:03  Supply Depot  
  20  2:12  Devastation Turret  
  20  2:13  Devastation Turret  
  20  2:17  SCV  
  21  2:22  Refinery  
  21  2:24  Refinery  
  21  2:28  SCV  
  22  2:42  SCV  
  23  2:54  SCV  
  24  3:06  Devastation Turret  
  24  3:08  Devastation Turret  
  24  3:10  SCV  
  25  3:22  SCV  
  26  3:32  Armory  
  26  3:37  SCV  
  27  3:49  SCV  
  28  4:06  SCV  
  29  4:18  SCV  
  29  4:24  Command Center  
  30  4:36  Upgrade Laser Drill Level 1  
  30  4:37  Terran Vehicle and Ship Weapons Level 1  
  30  4:39  SCV  
  30  4:48  Factory Tech Reactor  
  31  4:54  Supply Depot  
  31  5:00  SCV  
  31  5:09  SCV  
  32  5:12  Refinery  
  32  5:13  Refinery  
  33  5:24  SCV x2  
  35  5:31  Factory Tech Reactor  
  35  5:38  Devastation Turret, SCV  
  35  5:39  SCV  
  37  5:53  Terran Vehicle and Ship Weapons Level 2  
  37  5:55  SCV x2  
  39  6:06  Devastation Turret  
  39  6:08  Upgrade Laser Drill Level 2  
  39  6:17  Factory  
  39  6:26  Factory Tech Reactor  
  39  6:33  SCV x2  
  41  6:44  SCV  
  41  6:45  SCV  
  43  7:00  Starport  
  43  7:03  Multi-Lock Weapons System  
  43  7:06  SCV  
  43  7:08  SCV  
  44  7:12  Ares-Class Targeting System  
  44  7:14  Supply Depot  
  44  7:17  Factory Tech Reactor  
  45  7:30  Goliath  
  45  7:31  Goliath  
  45  7:37  Goliath  
  45  7:38  Goliath  
  53  7:50  Starport Tech Reactor  
  53  7:54  Improved Nano-Repair  
  53  8:03  Science Vessel x2  
  53  8:16  Goliath x2  
  53  8:29  Devastation Turret x2  
  61  8:34  SCV  
  62  8:50  Supply Depot  
  62  8:56  Terran Vehicle and Ship Weapons Level 3  
  62  9:18  SCV  
  62  9:19  Devastation Turret  
  62  9:21  Devastation Turret  
  62  9:26  Supply Depot  
  63  9:46  SCV x2  
  65  9:55  Goliath  
  65  9:56  Goliath  
  65  9:58  Supply Depot  
  65  9:59  Devastation Turret  
  65  10:02  Devastation Turret  
  69  10:18  Science Vessel  
  69  10:19  Science Vessel  
  69  10:23  Devastation Turret  
  69  10:27  Devastation Turret  
  73  10:47  Supply Depot  
  73  10:49  Goliath  
  73  10:50  Goliath  
  77  11:04  Goliath x2  
  81  11:25  Advanced Optics  
  81  11:36  Engineering Bay  
  81  11:39  Defensive Matrix  
  81  11:43  KMC Auto-Loaders  
  81  11:45  Supply Depot  
  81  11:46  Supply Depot  
  81  12:13  Goliath x2  
  81  12:18  Spinning Dizzy, Goliath x2  
  85  12:23  Hi-Sec Auto Tracking  
  89  12:41  Goliath x4  
  89  12:59  Supply Depot  
  97  13:15  Terran Vehicle And Ship Armor Level 1  
  97  13:16  Goliath  
  97  13:17  Goliath  
  97  13:25  Science Vessel x2  
  105  13:51  Devastation Turret  
  105  13:58  Goliath  
  105  13:59  Goliath  
  109  14:13  Supply Depot  
  109  14:14  Supply Depot  
  109  14:20  Maelstrom Rounds  
  109  14:22  Hercules x2  
  115  15:04  Terran Vehicle And Ship Armor Level 2  
  115  15:18  Siege Tank x4  
  127  15:48  Supply Depot  
  127  15:49  Supply Depot  
  127  15:50  Supply Depot  
  127  15:53  Siege Tank x2  
  133  16:13  Siege Tank x2  
  139  16:30  Siege Tank  
  139  16:31  Siege Tank  
  145  16:44  Siege Tank x2  
  151  16:58  Siege Tank x2  
  154  17:20  Spinning Dizzy  
  154  17:21  Spinning Dizzy  
  157  18:08  Supply Depot  
  157  18:10  Supply Depot  
  157  18:11  Supply Depot  
  157  18:12  Terran Vehicle And Ship Armor Level 3  
  157  18:29  Siege Tank x2  
  163  19:33  Supply Depot  
  163  19:36  Supply Depot  
  163  19:40  Supply Depot x2  
  163  20:35  Goliath x3  
  163  20:36  Goliath  
  171  21:06  Goliath  
  171  21:07  Goliath x3  
  179  21:21  Goliath x2  
  179  21:22  Goliath x2  
  179  21:38  Goliath  
  179  21:39  Goliath x2  
  179  21:40  Goliath  
  194  22:47  Goliath x2  
  194  22:48  Goliath  
Show
View Real Time Build Order
Export as new Build Order

Hunter Protoss 

Build Orders:  

Get SALT Encoding   

  12  0:00  Probe (Chrono Boost)  
  13  0:12  Probe (Chrono Boost)  
  14  0:24  Probe (Chrono Boost)  
  15  1:15  Nexus  
  15  1:17  Probe (Chrono Boost)  
  15  1:18  Pylon  
  15  1:29  Probe (Chrono Boost)  
  16  1:36  Assimilator  
  17  1:41  Probe (Chrono Boost)  
  17  1:47  Assimilator  
  18  1:53  Probe (Chrono Boost)  
  19  2:05  Probe (Chrono Boost)  
  20  2:18  Probe (Chrono Boost)  
  20  2:22  Forge  
  21  2:30  Probe (Chrono Boost)  
  22  2:42  Probe (Chrono Boost)  
  23  2:54  Probe (Chrono Boost)  
  23  2:55  Probe (Chrono Boost)  
  25  3:07  Probe x2 (Chrono Boost)  
  26  3:18  Solar Efficiency Level 1  
  26  3:19  Probe (Chrono Boost)  
  27  3:20  Photon Cannon  
  28  3:32  Probe (Chrono Boost)  
  28  3:36  Probe (Chrono Boost)  
  30  3:47  Probe (Chrono Boost)  
  31  3:57  Probe (Chrono Boost)  
  32  4:00  Photon Cannon  
  32  4:03  Probe (Chrono Boost)  
  32  4:09  Probe (Chrono Boost)  
  33  4:15  Probe (Chrono Boost)  
  35  4:22  Gateway  
  35  4:23  Probe (Chrono Boost)  
  35  4:27  Probe (Chrono Boost)  
  37  4:35  Probe (Chrono Boost)  
  37  4:38  Assimilator  
  38  4:51  Probe x2 (Chrono Boost)  
  38  4:52  Pylon  
  40  5:01  Assimilator  
  40  5:03  Probe x2 (Chrono Boost)  
  42  5:15  Probe x2 (Chrono Boost)  
  44  5:27  Probe x2 (Chrono Boost)  
  46  5:32  Cybernetics Core  
  46  5:45  Probe x2 (Chrono Boost)  
  46  5:46  Pylon  
  48  5:57  Probe x2 (Chrono Boost)  
  50  6:07  Protoss Air Weapons Level 1, Pylon  
  50  6:20  Photon Cannon  
  50  6:29  Stargate x2  
  50  6:33  Stargate  
  50  6:45  Pylon  
  50  7:05  Carrier x3  
  50  7:08  Robotics Facility  
  50  7:21  Pylon  
  50  7:23  Pylon  
  50  7:32  Advanced Repair Systems  
  50  7:34  Fleet Beacon  
  50  7:53  Probe (Chrono Boost)  
  51  8:10  Pylon  
  51  8:22  Observer  
  51  8:23  Pylon  
  69  8:43  Carrier x2  
  70  8:50  Protoss Air Weapons Level 2  
  70  8:52  Carrier  
  88  10:10  Carrier  
  88  10:11  Carrier  
  88  10:17  Protoss Air Weapons Level 3  
  88  10:48  Photon Cannon x2  
  100  10:51  Photon Cannon  
  100  10:52  Photon Cannon  
  100  10:54  Photon Cannon  
  100  11:13  Carrier  
  100  11:16  Carrier  
  100  11:20  Carrier  
  100  11:34  Pylon  
  100  11:36  Pylon  
  100  11:37  Photon Cannon  
  100  11:38  Photon Cannon  
  106  11:40  Carrier  
  106  11:41  Photon Cannon  
  106  11:44  Carrier  
  106  11:52  Observer  
  113  12:30  Pylon  
  113  12:32  Photon Cannon  
  113  12:37  Pylon  
  119  12:42  Photon Cannon  
  119  12:44  Photon Cannon  
  119  12:57  Carrier  
  119  13:06  Pylon  
  137  13:43  Photon Cannon  
  137  13:46  Observer  
  138  14:08  Carrier  
  138  14:12  Observer  
  139  14:35  Carrier  
  139  14:38  Observer  
  139  14:42  Pylon  
  146  14:54  Carrier  
  146  15:09  Pylon  
  146  15:12  Photon Cannon  
  146  15:14  Photon Cannon  
  158  15:29  Photon Cannon  
  158  15:31  Carrier  
  158  15:36  Carrier  
  158  15:38  Pylon x2  
  158  15:48  Carrier  
  158  15:49  Carrier  
  158  16:05  Carrier  
  164  16:37  Photon Cannon  
  164  16:38  Photon Cannon  
  170  17:18  Pylon  
  176  17:21  Pylon  
  188  17:51  Photon Cannon  
  188  17:53  Photon Cannon  
  188  17:57  Photon Cannon  
  188  18:00  Photon Cannon  
  188  18:13  Photon Cannon  
  188  18:14  Photon Cannon  
  188  18:21  Carrier  
  188  18:46  Carrier  
  188  18:55  Pylon  
  194  19:01  Pylon  
  198  19:18  Protoss Air Armor Level 1  
  196  19:27  Photon Cannon  
  196  19:29  Photon Cannon  
  196  19:30  Photon Cannon  
  196  19:39  Carrier  
  196  20:11  Repair Drones  
  196  21:14  Photon Cannon  
  196  21:21  Photon Cannon x2  
  196  21:22  Photon Cannon  
  196  21:33  Photon Cannon  
  196  21:34  Photon Cannon  
  196  21:36  Photon Cannon  
  196  21:38  Photon Cannon  
  196  22:54  Photon Cannon  
  196  22:58  Photon Cannon  
  196  23:03  Pylon  
  196  23:08  Pylon  
Tags
 
Add a new tag
Caveats
  • Supply blocks, unpowered buildings, or Contaminate may cause inaccurate times.
  • Supply counts are checked every 10 seconds.